 Dungeon Crawl Stone Soup version 0.17-a0-1460-g8163d8a (webtiles) character file.

1385 Ronin the Arsonist (level 8, -2/46 HPs)
             Began as a High Elf Fire Elementalist on June 30, 2015.
             Was an Initiate of Vehumet.
             Slain by an ogre
             ... wielding a +0 giant club
              (13 damage)
             ... on level 6 of the Dungeon.
             The game lasted 00:48:56 (7985 turns).

Ronin the Arsonist (High Elf Fire Elementalist)     Turns: 7985, Time: 00:48:56

Health: -2/46      AC:  4    Str:  7      XL:     8   Next: 40%
Magic:  16/19      EV: 12    Int: 21      God:    Vehumet [......]
Gold:   381        SH:  0    Dex: 13 (16) Spells: 4 memorised, 10 levels left

rFire  . . .     SeeInvis .     C - +3 dagger (speed)
rCold  . . .     Clarity  .     a - +0 robe
rNeg   + . .     SustAt   .     (no shield)
rPois  .         Gourm    .     r - +0 helmet
rElec  .         Spirit   .     l - +0 cloak
rCorr  .         Warding  +     (no gloves)
rMut   .         Stasis   .     (no boots)
MR     .....                    o - amulet of warding
Stlth  ++........               (no ring)
                                (no ring)

@: not resistant to hostile enchantments, unstealthy
A: no striking features
a: Renounce Religion


You were on level 6 of the Dungeon.
You worshipped Vehumet.
Vehumet was noncommittal.
You were not hungry.

You visited 1 branch of the dungeon, and saw 6 of its levels.

You collected 381 gold pieces.

Inventory:

Hand weapons
 d - a +4 mace
 C - a +3 dagger of speed (weapon)
 D - a +2 flail of holy wrath
Missiles
 f - 182 stones (quivered)
Armour
 a - a +0 robe (worn)
 l - a +0 cloak (worn)
 r - a +0 helmet (worn)
Jewellery
 h - an uncursed amulet of guardian spirit
 o - an amulet of warding (around neck)
 x - an uncursed amulet of resist corrosion
Magical devices
 q - a wand of flame (29)
 s - a wand of magic darts (28)
 G - a wand of draining (6)
Scrolls
 k - 2 scrolls of remove curse
 t - 2 scrolls of teleportation
 y - a scroll of immolation
 F - a scroll of fog
Potions
 m - 3 potions of degeneration {unknown}
 n - a potion of heal wounds {unknown}
 p - a potion of might {unknown}
 v - a potion of curing {unknown}
 A - 2 potions of agility {unknown}
Books
 b - a book of Flames

   Spells                             Type                      Level
   a - Flame Tongue                   Conjuration/Fire             1
   b - Throw Flame                    Conjuration/Fire             2
   c - Conjure Flame                  Conjuration/Fire             3
   d - Inner Flame                    Hexes/Fire                   3
   e - Sticky Flame                   Conjuration/Fire             4
   f - Fireball                       Conjuration/Fire             5
 i - a book of Dreams

   Spells                             Type                      Level
   a - Ensorcelled Hibernation        Hexes/Ice                    2
   b - Phase Shift                    Translocation                5
   c - Shadow Creatures               Summoning                    5
   d - Silence                        Hexes/Air                    5
   e - Mass Confusion                 Hexes                        6
   f - Darkness                       Hexes                        7
 j - a book of Ice

   Spells                             Type                      Level
   a - Ice Form                       Ice/Transmutation            4
   b - Metabolic Englaciation         Hexes/Ice                    5
   c - Ozocubu's Refrigeration        Ice                          6
   d - Bolt of Cold                   Conjuration/Ice              6
   e - Freezing Cloud                 Conjuration/Ice/Air          6
   f - Simulacrum                     Ice/Necromancy               6
 u - a book of Beasts

   Spells                             Type                      Level
   a - Summon Butterflies             Summoning                    1
   b - Call Canine Familiar           Summoning                    3
   c - Summon Ice Beast               Ice/Summoning                4
   d - Summon Mana Viper              Hexes/Summoning              5
   e - Summon Hydra                   Summoning                    7
Comestibles
 c - 2 bread rations
 g - 2 fruits
 w - 3 slices of pizza
 z - 2 beef jerkies
 B - a meat ration


   Skills:
 - Level 2.1 Dodging
 - Level 2.1 Stealth
 + Level 7.1 Spellcasting
 - Level 1.1 Conjurations
 * Level 8.9 Fire Magic


You had 10 spell levels left.
You knew the following spells:

 Your Spells              Type           Power        Failure   Level  Hunger
a - Flame Tongue          Conj/Fire      ####.        1%          1    None
b - Fireball              Conj/Fire      ####......   34%         5    #####..
c - Throw Flame           Conj/Fire      ####..       1%          2    None
d - Conjure Flame         Conj/Fire      ####....     3%          3    None


Dungeon Overview and Level Annotations

Branches:
Dungeon (6/15)             Temple (0/1) D:6

Altars:
Cheibriados
Elyvilon
Fedhas
Makhleb
Qazlal
Trog
Vehumet


Message History

The flame tongue hits the ogre.
The ogre is severely wounded.
The ogre hits you with a giant club!!
* * * LOW HITPOINT WARNING * * *
An ogre is nearby!
Casting: Flame Tongue
Confirm with . or Enter, or press ? or * to list all spells.
Aiming: Conjure Flame
Press: ? - help, Dir - move target cursor, f/p - ogre
Aim: an ogre, wielding a giant club (severely wounded)
You can't place the cloud on a creature.
Casting: Conjure Flame
Confirm with . or Enter, or press ? or * to list all spells.
Aiming: Throw Flame
Press: ? - help, Shift-Dir - straight line, f/p - ogre
Aim: an ogre, wielding a giant club (severely wounded)
The puff of flame hits the ogre.
The ogre is severely wounded.
The ogre hits you with a giant club!
You die...

#...#.....#.#...#
#.##....#...#...#
#.......#..#....#
#..........#....#
#.........#....#
#...##..#.#...##
#.............#
##.##...##....##### #
###....@##......###<##.#
+.....##O...............
#...##..............##..
#...........#######.....
#.........<.......'.....
#...........#######...รท.
#.......................
#........#.#.#.#.#.#####
...............)...# #


You could see an ogre.

Vanquished Creatures
  A phantom (D:4)
  A water moccasin (D:5)
  An ogre (D:5)
  A centaur (D:5)
  2 giant frogs
  A quasit (D:6)
  3 hounds
  A centaur zombie (D:6)
  A crimson imp (D:5)
  2 giant frog skeletons
  3 orc priests
  6 orc wizards
  5 worker ants
  Robin (D:2)
  9 adders
  An ooze (D:5)
  2 worms
  6 giant geckos
  19 orcs
  2 bat skeletons (D:4)
  A bat zombie (D:5)
  20 hobgoblins
  4 jackals (D:2)
  2 quokkas
  11 bats
  7 giant cockroaches
  A giant gecko skeleton (D:4)
  6 giant newts
  26 goblins
  A jackal skeleton (D:6)
  9 kobolds
  10 rats
166 creatures vanquished.

Notes
Turn   | Place    | Note
--------------------------------------------------------------
     0 | D:1      | Ronin the High Elf Fire Elementalist began the quest for the Orb.
     0 | D:1      | Reached XP level 1. HP: 11/11 MP: 4/4
   425 | D:1      | Reached XP level 2. HP: 17/17 MP: 2/6
  1215 | D:2      | Reached skill level 4 in Fire Magic
  1215 | D:2      | Reached XP level 3. HP: 21/21 MP: 4/8
  2135 | D:2      | Noticed Robin
  2346 | D:2      | Reached XP level 4. HP: 16/27 MP: 5/9
  2358 | D:2      | Killed Robin
  3021 | D:3      | Found a white marble altar of Elyvilon.
  3141 | D:3      | Reached skill level 5 in Fire Magic
  3155 | D:3      | Reached XP level 5. HP: 31/31 MP: 3/11
  3176 | D:3      | Found a blossoming altar of Fedhas.
  3354 | D:3      | You fall through a shaft for 2 floors!
  3354 | D:5      | Entered Level 5 of the Dungeon
  3370 | D:5      | Noticed a centaur
  3474 | D:5      | Killed a centaur
  3782 | D:5      | Reached XP level 6. HP: 32/36 MP: 1/13
  3911 | D:5      | Reached skill level 6 in Fire Magic
  4123 | D:5      | Found a bloodstained altar of Trog.
  4184 | D:4      | Found a stormy altar of Qazlal.
  4511 | D:3      | Reached skill level 5 in Spellcasting
  5022 | D:4      | Reached XP level 7. HP: 41/41 MP: 12/15
  5153 | D:4      | Found a snail-covered altar of Cheibriados.
  5224 | D:4      | Reached skill level 7 in Fire Magic
  6203 | D:4      | Found a radiant altar of Vehumet.
  6216 | D:4      | Became a worshipper of Vehumet
  6573 | D:5      | Noticed an ogre
  6582 | D:5      | Killed an ogre
  6582 | D:5      | Reached skill level 8 in Fire Magic
  6961 | D:5      | Found a burning altar of Makhleb.
  7111 | D:5      | Noticed a water moccasin
  7117 | D:5      | Killed a water moccasin
  7117 | D:5      | Reached XP level 8. HP: 46/46 MP: 11/18
  7698 | D:6      | Found a staircase to the Ecumenical Temple.
  7870 | D:6      | Learned a level 5 spell: Fireball
  7873 | D:6      | Learned a level 2 spell: Throw Flame
  7877 | D:6      | Learned a level 3 spell: Conjure Flame
  7985 | D:6      | Slain by an ogre

Vault maps used:
D:1:      lightli_arrival_chessboard
D:2:      uniq_robin
D:3:      nicolae_overflow_crystal_walls, lemuel_doored_altar
D:4:      cheibriados_altar_1, nicolae_qazlal_general_emergency,
          vehumet_altar_wand_db
D:5:      kennysheep_six_static_rooms, bloody_trog, kennysheep_little_box,
          first_bread, minivault_23
D:6:      minmay_temple_entry_glass, hangedman_decor_peaks_small

Action                   |  1- 3 |  4- 6 |  7- 9 || total
-------------------------+-------+-------+-------++-------
Melee: Short sword       |    41 |    20 |       ||    61
       Dagger            |       |    46 |    20 ||    66
       Mace              |       |    24 |    61 ||    85
Throw: Stone             |     1 |     2 |       ||     3
 Cast: Flame Tongue      |    72 |   137 |   111 ||   320
       Throw Flame       |       |       |     3 ||     3
Evoke: Wand              |       |       |     1 ||     1
  Use: Scroll            |     4 |     4 |     5 ||    13
       Potion            |       |     2 |       ||     2
 Stab: Sleeping          |       |     1 |     2 ||     3
       Distracted        |       |       |     1 ||     1
  Eat: Chunk             |     4 |     8 |    10 ||    22
